 Dungeon Crawl Stone Soup version 0.26-a0-30-g56b8cd3df0 (webtiles) character file.

Game seed: 4643339431584468226, levelgen mode: deterministic

49 Lanoc the Cudgeler (level 3, -3/35 HPs)
             Began as a Gnoll Chaos Knight on May 31, 2020.
             Was a Plaything of Xom.
             Slain by an iguana (8 damage)
             ... on level 2 of the Dungeon.
             The game lasted 00:00:36 (516 turns).

Lanoc the Cudgeler (Gnoll Chaos Knight)              Turns: 516, Time: 00:00:36

Health: -3/35      AC:  6    Str: 14    XL:     3   Next: 77%
Magic:  4/4        EV: 13    Int: 14    God:    Xom [*.....]
Gold:   28         SH:  0    Dex: 15    Spells: 3/3 levels left

rFire    . . .     SeeInvis +   a - +0 mace (chaos)
rCold    . . .     Gourm    .   (no shield)
rNeg     . . .     Faith    .   b - +2 leather armour
rPois    .         Spirit   .   (no helmet)
rElec    .         Reflect  .   f - +0 cloak
rCorr    .         Harm     .   (no gloves)
MR       .....                  (no boots)
Stlth    +.........             (no amulet)
HPRegen  0.11/turn              d - ring of see invisible
MPRegen  0.09/turn              (no ring)

@: no status effects
A: distributed training, fangs 1, strong nose
a: Renounce Religion


You were on level 2 of the Dungeon.
You worshipped Xom.
You were a special plaything of Xom.
You were not hungry.

You visited 1 branch of the dungeon, and saw 2 of its levels.

You collected 28 gold pieces.

Inventory:

Hand Weapons
 a - a +0 mace of chaos (weapon)
Armour
 b - a +2 leather armour (worn)
 f - a +0 cloak (worn)
Jewellery
 d - a ring of see invisible (left hand)
Wands
 e - a wand of disintegration (10)
Comestibles
 c - a ration


   Skills:
 + Level 6.5 Fighting
 + Level 0.9 Short Blades
 + Level 0.9 Long Blades
 + Level 0.9 Axes
 + Level 6.5 Maces & Flails
 + Level 0.9 Polearms
 + Level 0.9 Staves
 + Level 0.9 Slings
 + Level 0.9 Bows
 + Level 0.9 Crossbows
 + Level 0.9 Throwing
 + Level 4.5 Armour
 + Level 2.6 Dodging
 + Level 0.9 Stealth
 + Level 0.9 Shields
 + Level 0.9 Unarmed Combat
 + Level 0.9 Spellcasting
 + Level 0.6 Conjurations
 + Level 0.6 Hexes
 + Level 0.6 Charms
 + Level 0.6 Summonings
 + Level 0.6 Necromancy
 + Level 0.6 Translocations
 + Level 0.6 Transmutations
 + Level 0.6 Fire Magic
 + Level 0.6 Ice Magic
 + Level 0.6 Air Magic
 + Level 0.6 Earth Magic
 + Level 0.6 Poison Magic
 + Level 1.0 Invocations
 + Level 0.9 Evocations


You had 3 spell levels left.
You didn't know any spells.
Your spell library was empty.

Dungeon Overview and Level Annotations

Branches:
Dungeon (2/15)

Altars:


Innate Abilities, Weirdness & Mutations

Your experience applies equally to all skills.
You have very sharp teeth.
Your uncanny sense of smell can sniff out nearby items.


Message History

The hobgoblin shouts!
The iguana bites you.
You closely miss the iguana.
The iguana is moderately wounded.
The iguana closely misses you.
You hit the iguana. You burn the iguana.
The iguana is heavily wounded.
The iguana barely misses you.
Your leather armour prevents you from hitting the iguana.
You bite the iguana, but do no damage.
The iguana is severely wounded.
The iguana closely misses you.
You barely miss the iguana.
The iguana is severely wounded.
The iguana bites you!
* * * LOW HITPOINT WARNING * * *
You barely miss the iguana.
The iguana is almost dead.
The iguana bites you!
You die...

##............###################
...........#####........
....#.#.##.#####........ ∆
........##....##........
....######.#####........ .)..#
####.#####........
....###.......##..g.....
......'.......'.........
.....##.......#.@l......
.....##.......#......(..
##...##.......#>........
..............+.#+######
..............### ........÷.....#
........)(....# ........).<...+
............(.#


You could see an iguana (poisoned) and a hobgoblin.

Vanquished Creatures
  A worker ant (D:2)
  2 adders (D:2)
  3 goblins
  2 hobgoblins
  A kobold (D:2)
9 creatures vanquished.

Notes
Turn   | Place    | Note
-------+----------+-------------------------------------------
     0 | D:1      | Lanoc the Gnoll Chaos Knight began the quest for the Orb.
     0 | D:1      | Reached XP level 1. HP: 23/23 MP: 1/1
     6 | D:1      | Noticed a crocodile
     6 | D:1      | Noticed a hound
     6 | D:1      | Noticed a black bear
   116 | D:2      | Noticed a worker ant
   120 | D:2      | Reached XP level 2. HP: 29/29 MP: 2/2
   128 | D:2      | Reached skill level 1 in Invocations
   128 | D:2      | Reached XP level 3. HP: 16/35 MP: 2/4
   325 | D:2      | XOM: silly message
   516 | D:2      | Slain by an iguana

Illustrated notes

Levels and vault maps discovered:
D:1:      onia_arrival_zoo_common, layout_basic, glass_columns_b
D:2:      layout_basic, grunt_temple_overflow_opulence,
          lemuel_coloured_pillars_altar, minmay_tromino_i4

Skill      XL: |  1  2 |
---------------+-------+-----
Invocations    | 1 |  1.0
Fighting       | |  6.5
Short Blades   | |  0.9
Long Blades    | |  0.9
Axes           | |  0.9
Maces & Flails | |  6.5
Polearms       | |  0.9
Staves         | |  0.9
Slings         | |  0.9
Bows           | |  0.9
Crossbows      | |  0.9
Throwing       | |  0.9
Armour         | |  4.5
Dodging        | |  2.6
Stealth        | |  0.9
Shields        | |  0.9
Unarmed Combat | |  0.9
Spellcasting   | |  0.9
Conjurations   | |  0.6
Hexes          | |  0.6
Charms         | |  0.6
Summonings     | |  0.6
Necromancy     | |  0.6
Translocations | |  0.6
Transmutations | |  0.6
Fire Magic     | |  0.6
Ice Magic      | |  0.6
Air Magic      | |  0.6
Earth Magic    | |  0.6
Poison Magic   | |  0.6
Evocations     | |  0.9

Action                   || total
-------------------------++-------
Melee: Mace              ||    39
       Bite              ||     5
Armor: Leather armour    ||     8
Dodge: Dodged            ||    28

Table legend:
 A = Non-vault XP
 B = Vault XP
 C = Vault XP percentage of total XP
 D = Non-vault monster count
 E = Vault monster count
 F = Vault count percentage of total count
                 A         B        C        D         E       F
            +---------+---------+-------+---------+---------+-------
      Total |      71 |       0 |   0.0 |       9 |       0 |   0.0
            +---------+---------+-------+---------+---------+-------
        D:1 |       4 |       0 |   0.0 |       2 |       0 |   0.0
        D:2 |      67 |       0 |   0.0 |       7 |       0 |   0.0
            +---------+---------+-------+---------+---------+-------
